[Event "Team 45 45 League T75"]
[Site "Internet Chess Club"]
[Date "2018.01.15"]
[Round "4"]
[White "Agarnez"]
[Black "achessman"]
[Result "1/2-1/2"]
[WhiteElo "1901"]
[BlackElo "1895"]
[Opening "QGD: semi-Slav, Noteboom variation"]
[ECO "D31"]
[Time "21:35:24"]
[TimeControl "2700+45"]

1. d4 d5 2. c4 e6 3. Nc3 c6 4. Nf3 dxc4 5. a4 Bb4 6. e3 b5 7. Nd2 Nf6 8. axb5
Bxc3 9. bxc3 cxb5 10. Ba3 Bb7 11. Qb1 Qd7 12. e4 a6 13. e5 Ng8 14. Ne4 Bxe4 15.
Qxe4 Ra7 16. Qg4 g6 17. Be2 Ne7 18. Bf3 Nbc6 19. Bc5 Ra8 20. Qg5 Nd5 21. Qh6 Kd8
22. O-O Kc7 23. Qd2 Nce7 24. Bxe7 Qxe7 25. Ra5 g5 26. Rfa1 Kb6 27. Qa2 Qb7 28.
Qa3 Rhc8 29. h3 Ra7 30. Kh2 Raa8 31. Kg1 h6 32. Kh2 Rc6 33. Kg1 Rcc8 34. Kh2 Ra7
35. Kg1 Rc7 36. Qf8 Qc8 37. Qa3 Rd7 38. Kh2 Nf4 39. Kg1 Nd5 40. Kh2 Ra8 41. Kg1
Rda7 42. Kh2 Qf8 43. Qb2 f5 44. exf6 Qxf6 45. Kg1 Qf8 46. Be2 Qc8 47. Bf3 Qf8
48. Be2 Rc7 49. Qa2 Rca7 50. Qb2 Kc7 51. Bf3 Qd6 52. R1a3 Rb8 53. Qa1 Rb6 54.
Qe1 Nf4 55. Qe4 Qf8 56. Rxa6 Qxa3 57. Rxa3 Rxa3 58. Qe5+ Kd7 59. Qg7+ Ke8 60.
Qg8+ Ke7 61. Qg7+ Ke8 62. Qg8+ Ke7 63. Qg7+ Ke8 {Game drawn by repetition}
1/2-1/2

[Event "Team 45 45 League T75"]
[Site "Internet Chess Club"]
[Date "2018.01.15"]
[Round "4"]
[White "ChessHouston"]
[Black "elmaestro"]
[Result "0-1"]
[WhiteElo "1832"]
[BlackElo "1733"]
[Opening "Sicilian: Najdorf, Adams attack"]
[ECO "B90"]
[Time "13:10:48"]
[TimeControl "2700+45"]

1. e4 c5 2. Nf3 d6 3. d4 cxd4 4. Nxd4 Nf6 5. Nc3 a6 6. h3 e6 7. g4 Be7 8. Bg2
Qc7 9. a4 Nc6 10. Nde2 b6 11. Be3 Bb7 12. f4 Rc8 13. O-O O-O 14. Ng3 g6 15. Qe1
Nb4 16. Qf2 Nd7 17. g5 Rfe8 18. Rad1 Bf8 19. Bd4 e5 20. fxe5 Nxe5 21. Bxb6 Qe7
22. Bd4 Bg7 23. h4 Rc4 24. Qe2 Rec8 25. Be3 Qe6 26. Rf4 Na2 27. Nxa2 Rxc2 28.
Rd2 Qxa2 29. Rxc2 Qb1+ 30. Rc1 Rxc1+ 31. Rf1 Rxf1+ 32. Nxf1 Bxe4 33. Bxe4 Qxe4
34. Qg2 Qg4 35. Qxg4 Nxg4 36. Bc1 f5 37. Kg2 Kf7 38. Kf3 Ke6 39. b3 Bc3 40. Ke2
Kd5 41. Nd2 Bxd2 42. Bxd2 Kd4 43. Ba5 Ne5 44. Bc7 d5 45. b4 Nd7 46. Bd6 Kc4 47.
a5 d4 48. Kd2 Kd5 49. Bc7 Nf8 50. Kd3 Ne6 51. Bb6 Nf4+ 52. Kd2 Kc4 53. Bc5 Nd5
{White resigns} 0-1

[Event "Team 45 45 League T75"]
[Site "Internet Chess Club"]
[Date "2018.01.14"]
[Round "4"]
[White "ascoli"]
[Black "Beetlejuice"]
[Result "0-1"]
[WhiteElo "1719"]
[BlackElo "1832"]
[Opening "English: Anglo-Dutch defense"]
[ECO "A87"]
[Time "10:00:53"]
[TimeControl "2700+45"]

1. c4 f5 2. g3 Nf6 3. Bg2 g6 4. Nc3 Bg7 5. Nf3 d6 6. d4 O-O 7. O-O Qe8 8. Qc2 e5
9. dxe5 dxe5 10. e4 fxe4 11. Nxe4 Nc6 12. Rd1 Bf5 13. Nxf6+ Bxf6 14. Qb3 e4 15.
Ng5 Nd4 16. Rxd4 Bxd4 17. Qxb7 Bxf2+ 18. Kh1 Qd7 19. Bf4 Rfb8 20. Nxe4 Bd4 21.
Qa6 Rb6 22. Qa5 Re8 23. Ng5 Rxb2 24. Rd1 Ree2 25. Bd5+ Be6 26. Bxe6+ Qxe6 27.
Nf3 Qe4 28. Qd5+ Qxd5 29. cxd5 Bb6 30. a4 a5 31. d6 cxd6 32. Bxd6 Rf2 33. Be5
Rbe2 34. Bd4 Bxd4 35. Nxd4 Rxh2+ 36. Kg1 Rd2 37. Rxd2 Rxd2 38. Nc6 Ra2 39. Nxa5
Rxa4 40. Nb3 Ra3 {White resigns} 0-1

[Event "Team 45 45 League T75"]
[Site "Internet Chess Club"]
[Date "2018.01.15"]
[Round "4"]
[White "Yedixon"]
[Black "ColourfulChess"]
[Result "0-1"]
[WhiteElo "1662"]
[BlackElo "1696"]
[Opening "Ruy Lopez: closed defense"]
[ECO "C84"]
[Time "19:31:25"]
[TimeControl "2700+45"]

1. e4 e5 2. Nf3 Nc6 3. Bb5 a6 4. Ba4 Nf6 5. O-O Be7 6. c3 b5 7. Bb3 d6 8. a4 Bd7
9. Ng5 O-O 10. f4 h6 11. Nxf7 Rxf7 12. Bxf7+ Kxf7 13. fxe5 dxe5 14. d4 Kg8 15.
axb5 axb5 16. Rxa8 Qxa8 17. dxe5 Bc5+ 18. Kh1 Nxe5 19. Bxh6 Neg4 20. Bg5 Nf2+
21. Rxf2 Bxf2 22. Bxf6 Qxe4 23. Nd2 Qf4 24. Bd4 Bxd4 25. cxd4 Qxd4 26. Qb3+ Kh8
27. Nf3 Qf2 28. Qd3 Bc6 29. Qd8+ Kh7 30. Qh4+ Qxh4 31. Nxh4 Be4 32. b4 c5 33.
bxc5 b4 34. Nf3 Bxf3 {White resigns} 0-1

[Event "Team 45 45 League T75"]
[Site "Internet Chess Club"]
[Date "2018.01.20"]
[Round "4"]
[White "fledermaus"]
[Black "Ajolote"]
[Result "1/2-1/2"]
[WhiteElo "1846"]
[BlackElo "1840"]
[Opening "QGD: Tartakower (Makagonov-Bondarevsky) system"]
[ECO "D58"]
[Time "13:03:10"]
[TimeControl "2700+45"]

1. Nf3 d5 2. d4 Nf6 3. c4 e6 4. Nc3 Be7 5. Bg5 h6 6. Bh4 O-O 7. e3 b6 8. Be2 Bb7
9. Bxf6 Bxf6 10. cxd5 exd5 11. O-O Nd7 12. Qb3 c6 13. Rad1 Qe7 14. Bd3 Rfd8 15.
Rfe1 c5 16. Nxd5 Bxd5 17. Qxd5 Ne5 18. Qe4 Nxf3+ 19. gxf3 Qxe4 20. Bxe4 Rac8 21.
Bf5 Rc7 22. dxc5 Rxd1 23. Rxd1 Rxc5 24. Be4 g6 25. b3 Rc7 26. f4 Kg7 27. Kg2 Be7
28. Bd5 Rc2 29. a4 Bh4 30. Rf1 Rd2 31. Bc4 f5 32. Kf3 {Game drawn by mutual
agreement} 1/2-1/2

[Event "Team 45 45 League T75"]
[Site "Internet Chess Club"]
[Date "2018.01.13"]
[Round "4"]
[White "Tobiasdelmonte"]
[Black "jonesey"]
[Result "0-1"]
[WhiteElo "1647"]
[BlackElo "1865"]
[Opening "Benkö gambit"]
[ECO "A57"]
[Time "13:03:51"]
[TimeControl "2700+45"]

1. d4 Nf6 2. c4 c5 3. d5 b5 4. f3 e6 5. e4 Nxe4 6. fxe4 Qh4+ 7. Ke2 Qxe4+ 8. Be3
Qxc4+ 9. Kf2 Qh4+ 10. g3 Qf6+ 11. Nf3 Qxb2+ 12. Nbd2 Bb7 13. Rb1 Qxa2 14. dxe6
fxe6 15. Bxb5 Bd5 16. Ra1 Qb2 17. Rb1 Qa2 18. Qc1 Bxf3 19. Kxf3 Qd5+ 20. Kf2 Be7
21. Rf1 O-O+ 22. Kg1 Nc6 23. Bc4 Qh5 24. Qc2 Ne5 25. Ba6 Ng4 26. Rxf8+ Rxf8 27.
Nf1 Nxe3 28. Nxe3 Bf6 29. Rf1 Bd4 30. Rxf8+ Kxf8 31. Qf2+ Ke7 32. Kf1 Qg5 33.
Ke2 d5 34. Qf3 Qxe3+ 35. Qxe3 Bxe3 36. Kxe3 e5 37. g4 g5 38. h3 Kd6 39. Bd3 e4
40. Ba6 Ke5 41. Bb7 d4+ 42. Ke2 a5 43. Bc6 c4 44. Bb5 c3 45. Ba4 Kf4 46. Bc6 d3+
47. Kd1 e3 48. Bb5 e2+ 49. Ke1 Ke3 {White resigns} 0-1

[Event "Team 45 45 League T75"]
[Site "Internet Chess Club"]
[Date "2018.01.14"]
[Round "4"]
[White "LookImYourVader"]
[Black "nealbruce"]
[Result "1-0"]
[WhiteElo "1792"]
[BlackElo "1659"]
[Opening "Scotch gambit: Dubois-Réti defense"]
[ECO "C55"]
[Time "16:00:43"]
[TimeControl "2700+45"]

1. e4 e5 2. Nf3 Nc6 3. Bc4 Nf6 4. d4 exd4 5. e5 d5 6. Bb5 Ne4 7. Nxd4 Bd7 8.
Bxc6 bxc6 9. O-O Bc5 10. f3 Ng5 11. Be3 Ne6 12. c3 O-O 13. Nd2 Bb6 14. N2b3 Qe7
15. Qd2 c5 16. Nf5 Qe8 17. Qxd5 Bc6 18. Qd2 Rd8 19. Qf2 g6 20. Nh6+ Kg7 21. Ng4
c4 22. Nd4 Nxd4 23. cxd4 Qe6 24. Bh6+ Kh8 25. Rad1 Rfe8 26. Bg5 Rd5 27. Bf6+ Kg8
28. Qe3 Rxe5 29. Qh6 Bxd4+ 30. Rxd4 Qxf6 31. Nxf6+ Kh8 32. Qxh7# {Black
checkmated} 1-0

[Event "Team 45 45 League T75"]
[Site "Internet Chess Club"]
[Date "2018.01.14"]
[Round "4"]
[White "Insan996"]
[Black "Invicta-Knight"]
[Result "0-1"]
[WhiteElo "1704"]
[BlackElo "1543"]
[Opening "King's Indian, 3.Nf3"]
[ECO "E61"]
[Time "19:24:51"]
[TimeControl "2700+45"]

1. d4 Nf6 2. Nf3 g6 3. c4 Bg7 4. Nc3 c5 5. d5 O-O 6. g3 d6 7. Bg2 Nbd7 8. O-O
Nb6 9. Qd3 Bg4 10. h3 Bxf3 11. Bxf3 Nfd7 12. b3 Ne5 13. Qe3 Nxf3+ 14. Qxf3 e6
15. e4 Qd7 16. Kh2 f5 17. dxe6 Qxe6 18. exf5 Rxf5 19. Qd3 Raf8 20. Be3 Rh5 21.
h4 Bxc3 22. Qxc3 Rxh4+ 23. gxh4 Rf3 24. Rfd1 Rh3+ 25. Kg1 Qg4+ {White forfeits
on time} 0-1

[Event "Team 45 45 League T75"]
[Site "Internet Chess Club"]
[Date "2018.01.15"]
[Round "4"]
[White "primerpaso"]
[Black "gera-carp75"]
[Result "1-0"]
[WhiteElo "1877"]
[BlackElo "1835"]
[Opening "English opening"]
[ECO "A13"]
[Time "20:05:56"]
[TimeControl "2700+45"]

1. c4 e6 2. Nc3 d5 3. cxd5 exd5 4. d4 c6 5. g3 Nf6 6. Bg2 Be7 7. Nf3 Bf5 8. O-O
O-O 9. Bf4 Nbd7 10. h3 h6 11. Ne5 Nxe5 12. dxe5 Ne4 13. Nxe4 Bxe4 14. Bxe4 dxe4
15. Qc2 Qd7 16. g4 h5 17. Kh2 g5 18. Be3 Qd5 19. Qc3 Rfd8 20. gxh5 Qb5 21. Bxg5
Qxe2 22. Bxe7 Rd3 23. Rg1+ Kh7 24. Qe1 Rxh3+ 25. Kxh3 Qxh5+ 26. Bh4 {Black
resigns} 1-0

[Event "Team 45 45 League T75"]
[Site "Internet Chess Club"]
[Date "2018.01.13"]
[Round "4"]
[White "leandromorg"]
[Black "VictorRed"]
[Result "1/2-1/2"]
[WhiteElo "1689"]
[BlackElo "1737"]
[Opening "Queen's pawn game"]
[ECO "D00"]
[Time "05:05:54"]
[TimeControl "2700+45"]

1. d4 d5 2. e3 c6 3. Bd3 g6 4. f4 Nf6 5. Nf3 Bg7 6. c4 O-O 7. Nc3 e6 8. O-O b6
9. cxd5 exd5 10. Ne5 Nfd7 11. Qa4 Nxe5 12. fxe5 Bd7 13. Qd1 f6 14. exf6 Rxf6 15.
Rxf6 Qxf6 16. Qb3 Be6 17. Qa4 b5 18. Qc2 Na6 19. a3 Rf8 20. Qe2 Nc7 21. Bd2 Ne8
22. Na2 Bd7 23. Bb4 Rf7 24. Rf1 Qxf1+ 25. Qxf1 Rxf1+ 26. Kxf1 Nf6 27. h3 Bh6 28.
Be7 Kf7 29. Bxf6 Kxf6 30. Kf2 a5 31. Nc1 Bf8 32. e4 c5 33. exd5 cxd4 34. Nb3 a4
35. Nd2 Ke5 36. Ne4 Bh6 37. Nc5 Be8 38. Ne6 Bc1 39. Nc7 Bd7 40. Nxb5 Bxb2 41.
Bc4 Bxb5 42. Bxb5 Kxd5 43. Ke2 Bxa3 44. Kd3 Bc5 45. Bxa4 Ke5 46. Bc6 Kf4 47. Bb7
h5 48. Bf3 {Game drawn by mutual agreement} 1/2-1/2

[Event "Team 45 45 League T75"]
[Site "Internet Chess Club"]
[Date "2018.01.13"]
[Round "4"]
[White "Heian"]
[Black "trombone"]
[Result "0-1"]
[WhiteElo "1727"]
[BlackElo "1812"]
[Opening "Sicilian defense"]
[ECO "B40"]
[Time "13:08:08"]
[TimeControl "2700+45"]

1. e4 c5 2. Nf3 e6 3. c3 Nf6 4. e5 Nd5 5. d4 cxd4 6. cxd4 d6 7. Bb5+ Nd7 8. O-O
Be7 9. Nc3 Nxc3 10. bxc3 Qc7 11. Bd2 O-O 12. exd6 Bxd6 13. h3 b6 14. Bd3 Bb7 15.
Ng5 Nf6 16. Qe2 Bf4 17. Rac1 h6 18. Nf3 Rfd8 19. Bxf4 Qxf4 20. Nd2 Rac8 21. g3
Qg5 22. Ne4 Nxe4 23. Bxe4 Bxe4 24. Qxe4 Qa5 25. c4 Qxa2 26. Ra1 Qxc4 27. Rxa7
Qxd4 28. Qb7 Rf8 29. Rb1 b5 30. Ra2 Rb8 31. Qf3 Rfd8 32. Rc2 Qd3 33. Qxd3 Rxd3
34. Rc7 b4 35. Ra1 b3 36. Raa7 Rf3 37. Rab7 Rxb7 38. Rxb7 g5 39. Kf1 Rc3 40. Ke1
Kg7 41. Kd2 Rc2+ 42. Kd1 Rxf2 43. Rxb3 e5 44. Ke1 Ra2 45. Kf1 Kg6 46. g4 h5 47.
Rb6+ Kg7 48. gxh5 Rh2 49. h6+ Kh7 50. Rf6 Rxh3 51. Rxf7+ Kxh6 52. Kg2 Ra3 53.
Re7 Ra5 54. Kf3 Kh5 55. Rh7+ Kg6 56. Re7 Kf6 57. Re8 Ra3+ 58. Ke4 Ra4+ 59. Kf3
Rf4+ 60. Ke3 Kf5 61. Rf8+ Kg4 62. Re8 Kg3 63. Rxe5 g4 64. Ke2 Kg2 65. Rh5 g3 66.
Re5 Rf2+ 67. Ke1 Kg1 68. Re8 g2 69. Re7 Rf1+ 70. Ke2 Kh2 71. Rh7+ Kg1 72. Rg7
Rf6 73. Re7 Rf5 74. Re6 Kh2 75. Rh6+ Kg3 76. Rg6+ Kh3 77. Rh6+ Kg4 78. Rg6+ Kh3
79. Rh6+ Kg3 80. Rg6+ Kh2 81. Rh6+ Kg1 82. Re6 Rh5 83. Ke1 Kh1 {White resigns}
0-1

[Event "Team 45 45 League T75"]
[Site "Internet Chess Club"]
[Date "2018.01.13"]
[Round "4"]
[White "hood"]
[Black "Percival"]
[Result "0-1"]
[WhiteElo "2021"]
[BlackElo "2063"]
[Opening "French: Tarrasch, closed variation"]
[ECO "C05"]
[Time "20:09:08"]
[TimeControl "2700+45"]

1. e4 e6 2. d4 d5 3. Nd2 Nf6 4. e5 Nfd7 5. f4 c5 6. c3 Nc6 7. Ndf3 Rb8 8. Bd3 b5
9. Ne2 Qb6 10. O-O b4 11. Kh1 g6 12. Be3 Ba6 13. Bxa6 Qxa6 14. Qd2 Be7 15. a3
bxc3 16. bxc3 Na5 17. Qc2 Nc4 18. Bc1 O-O 19. Qd3 Qa4 20. Nd2 Ndb6 21. Nxc4 Nxc4
22. f5 exf5 23. Qf3 Rfd8 24. g4 Qc2 25. gxf5 Qe4 26. f6 Bf8 27. Nf4 Rb6 28. Kg1
cxd4 29. Qxe4 dxe4 30. cxd4 Rxd4 31. e6 fxe6 32. f7+ Kg7 33. Ne2 Rd7 34. Nc3 e3
35. Rf4 Rc6 36. Rb1 g5 37. Rg4 h6 38. Ne2 e5 39. Rb3 Rxf7 40. Rc3 Rfc7 41. Bxe3
Nxe3 42. Rxe3 Bc5 43. Kf2 Rf7+ {White resigns} 0-1

[Event "Team 45 45 League T75"]
[Site "Internet Chess Club"]
[Date "2018.01.14"]
[Round "4"]
[White "jorobo"]
[Black "gomeschess"]
[Result "0-1"]
[WhiteElo "1945"]
[BlackElo "2115"]
[Opening "Grünfeld defense"]
[ECO "D80"]
[Time "22:10:10"]
[TimeControl "2700+45"]

1. d4 Nf6 2. c4 g6 3. Nc3 d5 4. e3 Bg7 5. Qb3 c6 6. Nf3 O-O 7. cxd5 cxd5 8. Bd3
b6 9. O-O Bb7 10. Bd2 Nc6 11. Rac1 Ne4 12. Qxd5 Nxd2 13. Nxd2 e5 14. Bb5 exd4
15. Bxc6 Bxc6 16. Qxc6 dxc3 17. Nc4 Rc8 18. Qb5 Rc5 19. Qb4 Qc7 20. b3 a5 21.
Qa3 b5 22. Nxa5 b4 23. Qxb4 Qxa5 24. Qxa5 Rxa5 25. Rc2 Rfa8 26. Ra1 Ra3 27. b4
R8a4 28. b5 Rb4 {White resigns} 0-1

[Event "Team 45 45 League T75"]
[Site "Internet Chess Club"]
[Date "2018.01.13"]
[Round "4"]
[White "soccerisfun"]
[Black "Dodgy"]
[Result "1-0"]
[WhiteElo "2004"]
[BlackElo "1796"]
[Opening "Vienna game"]
[ECO "C28"]
[Time "11:00:18"]
[TimeControl "2700+45"]

1. e4 e5 2. Bc4 Nf6 3. Nc3 Nc6 4. d3 Na5 5. Bb3 Bb4 6. Ne2 c6 7. O-O d5 8. exd5
Nxb3 9. axb3 cxd5 10. Bg5 Be7 11. d4 e4 12. Nf4 Be6 13. f3 h6 14. Bxf6 Bxf6 15.
fxe4 dxe4 16. d5 Bf5 17. Nh5 Bxc3 18. bxc3 {Black resigns} 1-0

[Event "Team 45 45 League T75"]
[Site "Internet Chess Club"]
[Date "2018.01.12"]
[Round "4"]
[White "kidcobra"]
[Black "joebobpop"]
[Result "0-1"]
[WhiteElo "1763"]
[BlackElo "1926"]
[Opening "Evans gambit: compromised defense"]
[ECO "C52"]
[Time "19:34:22"]
[TimeControl "2700+45"]

1. e4 e5 2. Nf3 Nc6 3. Bc4 Bc5 4. b4 Bxb4 5. c3 Ba5 6. d4 exd4 7. O-O dxc3 8.
Qb3 Qf6 9. e5 Qf5 10. Nxc3 Nge7 11. Ne2 O-O 12. Ng3 Qg6 13. h3 d5 14. exd6 cxd6
15. Bb2 Bb6 16. Kh2 Na5 17. Qc3 Nxc4 18. Qxc4 Be6 19. Qf4 Nf5 20. Ne4 d5 21.
Neg5 h6 22. Nxe6 fxe6 23. Ne5 Qe8 24. Qg4 Bc7 25. Rfc1 Rc8 26. f4 Ne3 27. Qg3
Nc4 28. Bd4 Bxe5 29. fxe5 Rf5 30. Rf1 Rg5 31. Qf4 Qe7 32. Rab1 b6 33. Rbc1 Rf5
34. Qg4 Rcf8 35. Rxf5 Rxf5 36. Rc3 Nxe5 37. Bxe5 Rxe5 38. Qg6 Rf5 39. Rc8+ Rf8
40. Rc6 e5 41. Qg3 d4 42. Qg4 e4 43. Rxh6 Qc7+ 44. Kh1 Rf1# {White checkmated}
0-1

[Event "Team 45 45 League T75"]
[Site "Internet Chess Club"]
[Date "2018.01.10"]
[Round "4"]
[White "JJ12"]
[Black "HomerSimpson"]
[Result "1-0"]
[WhiteElo "2138"]
[BlackElo "1978"]
[Opening "Sicilian: Najdorf, Byrne (English) attack"]
[ECO "B90"]
[Time "19:30:56"]
[TimeControl "2700+45"]

1. e4 c5 2. Nf3 d6 3. d4 cxd4 4. Nxd4 Nf6 5. Nc3 a6 6. Be3 e5 7. Nb3 Be7 8. f3
Be6 9. Qd2 O-O 10. O-O-O Nbd7 11. g4 b5 12. g5 b4 13. gxf6 bxc3 14. Qxc3 Nxf6
15. Na5 Rc8 16. Nc6 Qc7 17. Nxe7+ Qxe7 18. Qa5 Rc6 19. Rg1 Rfc8 20. Kb1 Nh5 21.
Rg2 Qf6 22. Rf2 Nf4 23. b3 h5 24. c4 Rb8 25. Rfd2 Ng6 26. Be2 Bh3 27. Qa3 Rd8
28. c5 Nf4 29. Bxf4 Qxf4 30. cxd6 f5 31. Qa4 fxe4 32. Qxc6 {Black resigns} 1-0

[Event "Team 45 45 League T75"]
[Site "Internet Chess Club"]
[Date "2018.01.15"]
[Round "4"]
[White "The7thGuest"]
[Black "Monterrey"]
[Result "1-0"]
[WhiteElo "1895"]
[BlackElo "1986"]
[Opening "King's Indian: fianchetto, Panno variation"]
[ECO "E63"]
[Time "12:22:09"]
[TimeControl "2700+45"]

1. d4 Nf6 2. Nf3 g6 3. g3 Bg7 4. Bg2 O-O 5. O-O d6 6. c4 Nc6 7. Nc3 a6 8. e4 Bd7
9. h3 e5 10. d5 Nd4 11. Nxd4 exd4 12. Qxd4 Qc8 13. e5 dxe5 14. Qh4 Bf5 15. Bg5
Nd7 16. Rfd1 f6 17. Be3 Qe8 18. c5 e4 19. g4 g5 20. Qg3 Bg6 21. Qxc7 Rc8 22.
Qxb7 Nxc5 23. Bxc5 Rxc5 24. Qxa6 f5 25. Qe6+ Qxe6 26. dxe6 Re8 27. gxf5 Bxf5 28.
Nxe4 Rb5 29. Nd6 Bxb2 30. Nxb5 Bxa1 31. Rxa1 {Black resigns} 1-0

[Event "Team 45 45 League T75"]
[Site "Internet Chess Club"]
[Date "2018.01.14"]
[Round "4"]
[White "laurenpar"]
[Black "charles-allen"]
[Result "1-0"]
[WhiteElo "1919"]
[BlackElo "1819"]
[Opening "French: exchange variation"]
[ECO "C01"]
[Time "20:02:11"]
[TimeControl "2700+45"]

1. d4 e6 2. e4 d5 3. exd5 exd5 4. c4 Nf6 5. Nc3 Bb4 6. Bd3 O-O 7. Ne2 dxc4 8.
Bxc4 Nbd7 9. O-O Nb6 10. Bb3 Re8 11. Bg5 h6 12. Bh4 Be6 13. Bc2 c6 14. Ne4 Be7
15. Bxf6 Bxf6 16. Re1 Bf5 17. Nxf6+ Qxf6 18. Bxf5 Qxf5 19. Ng3 Rxe1+ 20. Qxe1
Qd7 21. Rd1 Nd5 22. Qe4 Re8 23. Qf3 Nf6 24. h3 Re6 25. Nf5 Ne4 26. Qg4 Ng5 27.
h4 Kf8 28. hxg5 g6 29. Nxh6 {Black resigns} 1-0

[Event "Team 45 45 League T75"]
[Site "Internet Chess Club"]
[Date "2018.01.13"]
[Round "4"]
[White "nathanpillay"]
[Black "bobhill"]
[Result "1-0"]
[WhiteElo "1685"]
[BlackElo "1888"]
[Opening "Catalan: closed, 5.Nf3"]
[ECO "E06"]
[Time "10:00:55"]
[TimeControl "2700+45"]

1. d4 d5 2. c4 e6 3. Nf3 Be7 4. g3 Nf6 5. Bg2 b6 6. O-O Bb7 7. Qc2 O-O 8. Nbd2
h6 9. b3 c5 10. Bb2 Nc6 11. dxc5 Bxc5 12. a3 Rc8 13. b4 Be7 14. Rad1 Qc7 15.
cxd5 Nxd5 16. Qb3 Bf6 17. e4 Nde7 18. Bxf6 gxf6 19. Qe3 Kg7 20. Rc1 Qb8 21. Nc4
Ng6 22. Rfd1 Nce5 23. Nfxe5 Nxe5 24. Nd6 Rxc1 25. Qxc1 Ba8 26. f4 Ng6 27. Nb5
Rd8 28. Rd4 a6 29. Rxd8 Qxd8 30. Nc3 Qd3 31. Kf2 h5 32. Bf1 Qd7 33. Qe3 a5 34.
bxa5 bxa5 35. Bg2 Qb7 36. Bf3 Qb2+ 37. Ne2 h4 38. Qc3 hxg3+ 39. hxg3 Qb1 40.
Qxa5 Bxe4 41. Bxe4 Qxe4 42. Qb4 Qa8 43. a4 e5 44. f5 Qa7+ 45. Kg2 Ne7 46. Qg4+
Kf8 47. Qe4 Qa5 48. g4 Nd5 49. g5 fxg5 50. Qxe5 f6 51. Qe6 Qa8 52. Kf2 Qd8 53.
Qe4 Qb6+ 54. Kg2 Ne7 55. Nd4 Qb2+ 56. Kf1 Qa1+ 57. Kg2 Qa2+ 58. Kf1 Ke8 59. Ne6
Qa1+ 60. Kf2 Qb2+ 61. Kf1 Qc1+ 62. Kf2 Qd2+ 63. Kf1 Qd7 64. Ke2 Kf7 65. Kf1 Qd1+
66. Kf2 Qd2+ 67. Kf1 Qh2 68. Nd8+ Ke8 69. Nc6 Qh3+ 70. Ke2 Qh2+ 71. Kf1 Qh3+ 72.
Ke2 Qh5+ 73. Ke1 Qh7 74. a5 Kd7 75. Qxe7+ Qxe7+ 76. Nxe7 Kc7 77. Nd5+ Kb7 78.
Nxf6 Kc6 79. Ne8 g4 80. f6 {Black resigns} 1-0

[Event "Team 45 45 League T75"]
[Site "Internet Chess Club"]
[Date "2018.01.11"]
[Round "4"]
[White "SlimeDog2"]
[Black "MovingDutchman"]
[Result "0-1"]
[WhiteElo "1978"]
[BlackElo "2044"]
[Opening "Dutch: Leningrad, main variation with Nc6"]
[ECO "A89"]
[Time "11:36:54"]
[TimeControl "2700+45"]

1. d4 f5 2. c4 Nf6 3. g3 g6 4. Bg2 Bg7 5. Nf3 O-O 6. Nc3 d6 7. O-O Nc6 8. d5 Ne5
9. Nxe5 dxe5 10. c5 Kh8 11. Qb3 b6 12. Rd1 bxc5 13. Be3 Nd7 14. Na4 f4 15. Bxc5
Rb8 16. Qa3 Nxc5 17. Nxc5 Qd6 18. Rac1 Bg4 19. Rc2 Rb5 20. Rdc1 Bh6 21. Qa4 a6
22. Nxa6 Bd7 23. Rc6 Rxb2 24. Qe4 Bxc6 25. Rxc6 fxg3 26. hxg3 Qa3 27. Nxc7 Rb4
28. Qc2 Rb2 29. Qe4 Qxa2 30. Bf3 Qb1+ 31. Qxb1 Rxb1+ 32. Kg2 Rb4 33. Re6 Rc8 34.
Rxe7 Bf8 35. Re8 Rbb8 36. Rxc8 Rxc8 37. Ne6 Bd6 38. Be4 Kg8 39. Kf3 Ra8 40. Bd3
Ra5 41. Ke4 Kf7 42. Ng5+ Kg7 43. Ne6+ Kf6 44. Bc2 h6 45. Bd3 Ra4+ 46. Kf3 h5 47.
e4 g5 48. Kg2 Ra2 49. Kg1 Bb8 {White resigns} 0-1

[Event "Team 45 45 League T75"]
[Site "Internet Chess Club"]
[Date "2018.01.16"]
[Round "4"]
[White "Sloggi"]
[Black "ChessHouston"]
[Result "1/2-1/2"]
[WhiteElo "1989"]
[BlackElo "1839"]
[Opening "Trompowsky attack (Ruth, Opocenský opening)"]
[ECO "A45"]
[Time "23:00:26"]
[TimeControl "2700+45"]

1. d4 Nf6 2. Bg5 Ne4 3. h4 c5 4. d5 Qb6 5. Nd2 Nxd2 6. Bxd2 Qxb2 7. e3 Qb6 8.
Rb1 Qc7 9. Nf3 d6 10. Bc3 Nd7 11. h5 h6 12. Be2 Nf6 13. Qd3 Bd7 14. e4 O-O-O 15.
e5 dxe5 16. Bxe5 Qa5+ 17. Nd2 Nxd5 18. Qa6 Qxa6 19. Bxa6 Nb6 20. Bb5 Bxb5 21.
Rxb5 Rd5 22. Bf4 e5 23. Be3 Nd7 24. a4 f5 25. f3 b6 26. Nb1 Be7 27. Ke2 Nf6 28.
a5 Kc7 29. axb6+ axb6 30. Nc3 Rdd8 31. Rhb1 Rb8 32. Na4 Nd5 33. Bd2 Kc6 34. c4
Nf6 35. Rxb6+ Rxb6 36. Rxb6+ Kc7 37. Ba5 Kd7 38. Rb7+ Ke6 39. Bc7 Ra8 40. Nc3
Ra3 41. Rb6+ Kf7 42. Kd2 Ra7 43. Bb8 Rd7+ 44. Ke2 Nxh5 45. Bxe5 Bd8 46. Rc6 Ba5
47. Nd5 Bb4 48. g4 fxg4 49. fxg4 Nf6 50. Bxf6 gxf6 51. Rxf6+ Kg7 52. Rb6 Ba3 53.
Ra6 Bb2 54. Rc6 Bd4 55. Kf3 {Game drawn by mutual agreement} 1/2-1/2

[Event "Team 45 45 League T75"]
[Site "Internet Chess Club"]
[Date "2018.01.11"]
[Round "4"]
[White "ascoli"]
[Black "cool64chess"]
[Result "0-1"]
[WhiteElo "1715"]
[BlackElo "1990"]
[Opening "QGD: Orthodox defense"]
[ECO "D60"]
[Time "13:02:31"]
[TimeControl "2700+45"]

1. c4 e6 2. Nc3 d5 3. d4 Nf6 4. Bg5 Be7 5. e3 O-O 6. Nf3 Nbd7 7. cxd5 Nxd5 8.
Bxe7 Nxe7 9. e4 c5 10. Bc4 cxd4 11. Nxd4 Ne5 12. Bb3 Qb6 13. Nf3 Rd8 14. Qe2
Nd3+ 15. Kf1 Nf4 16. Qb5 Qxb5+ 17. Nxb5 Bd7 18. Nc3 Nd3 19. Rb1 Rac8 20. Ke2
Nxb2 21. Rxb2 Rxc3 22. Rd1 Bb5+ 23. Ke1 Rxd1+ 24. Kxd1 Rd3+ 25. Kc2 Rd8 26. Ne5
Bf1 27. g3 Bg2 28. f3 Ng6 29. Kc1 Nxe5 30. Rxg2 Nxf3 31. Rc2 h5 32. Rc7 Nxh2 33.
Rxb7 Nf1 34. Rxa7 Nxg3 35. e5 h4 36. Ra4 Ne2+ 37. Kc2 Nd4+ 38. Kc3 h3 39. Bc2
Rc8+ 40. Kxd4 Rxc2 41. Kd3 h2 42. Rh4 Rxa2 43. Ke3 g5 44. Rh5 Kg7 45. Kf3 Kg6
46. Rh8 Kf5 47. Kg3 Kxe5 48. Kg4 f5+ 49. Kg3 g4 50. Rh5 Ra3+ 51. Kxh2 Rh3+
{White resigns} 0-1

[Event "Team 45 45 League T75"]
[Site "Internet Chess Club"]
[Date "2018.01.13"]
[Round "4"]
[White "President"]
[Black "Portola"]
[Result "1/2-1/2"]
[WhiteElo "1520"]
[BlackElo "1695"]
[Opening "Réti: King's Indian attack (Barcza system)"]
[ECO "A07"]
[Time "10:01:03"]
[TimeControl "2700+45"]

1. Nf3 d5 2. g3 Nf6 3. Bg2 c6 4. d3 Bg4 5. O-O Nbd7 6. Nbd2 e6 7. b3 Bc5 8. Bb2
O-O 9. h3 Bh5 10. g4 Bg6 11. Nh4 Qe7 12. Nxg6 hxg6 13. e4 dxe4 14. Nxe4 Nxe4 15.
Bxe4 Rad8 16. Qe2 Qh4 17. Kg2 Rfe8 18. Bf3 Bd6 19. a4 Nb6 20. a5 Nd5 21. Be5
Bxe5 22. Qxe5 a6 23. Bxd5 exd5 24. Qd4 Re7 25. Rae1 Rde8 26. Rxe7 Qxe7 27. b4
Qc7 28. c4 dxc4 29. dxc4 Qe7 30. Rb1 Rd8 31. Qe3 Qd7 32. b5 cxb5 33. cxb5 axb5
34. Kg1 Re8 35. Qc5 Re7 36. Qxb5 Qc7 37. a6 bxa6 38. Qxa6 Kh7 39. Qa8 Qe5 40.
Rb8 Qe1+ 41. Kg2 g5 42. Rh8+ Kg6 43. Qf3 Qe4 44. Qxe4+ Rxe4 45. Ra8 f6 46. Kg3
Rd4 47. f3 Rd3 48. Ra6 Rc3 49. Ra5 Rd3 50. Rf5 Rc3 51. Ra5 Rd3 {Game drawn by
mutual agreement} 1/2-1/2

[Event "Team 45 45 League T75"]
[Site "Internet Chess Club"]
[Date "2018.01.14"]
[Round "4"]
[White "Egmont"]
[Black "Ajolote"]
[Result "0-1"]
[WhiteElo "1684"]
[BlackElo "1819"]
[Opening "Nimzo-Indian: Reshevsky variation"]
[ECO "E46"]
[Time "13:00:27"]
[TimeControl "2700+45"]

1. d4 Nf6 2. c4 e6 3. Nc3 Bb4 4. e3 O-O 5. Ne2 d5 6. a3 Be7 7. Nf4 b6 8. cxd5
exd5 9. Bd3 Bb7 10. b4 Nbd7 11. O-O c6 12. Bb2 Rc8 13. Rc1 Bd6 14. Nce2 Qe7 15.
Ng3 g6 16. h4 Ne4 17. Bxe4 dxe4 18. h5 g5 19. Nf5 Qf6 20. Nxd6 Qxd6 21. Ne2 Ba6
22. Re1 f5 23. f4 h6 24. Qb3+ Qd5 25. Qxd5+ cxd5 26. Ng3 Rxc1 27. Rxc1 Bc4 28.
Nf1 gxf4 29. exf4 b5 30. Ne3 a6 31. Bc3 Kg7 32. Kf2 Kf6 33. g4 fxg4 34. Nxg4+
Kf5 35. Nxh6+ Kxf4 36. Bd2+ e3+ 37. Bxe3+ Ke4+ 38. Kg3 Kxe3 39. Ng4+ Kxd4 40.
Re1 Nf6 41. Nxf6 Rxf6 42. Kg4 Bd3 43. Kg5 Rf5+ 44. Kg4 Rf8 45. Kg5 Be4 46. Rc1
Ke5 47. Rc6 Rg8+ 48. Kh4 Bf5 49. h6 Kf4 50. Rxa6 Rg1 {White resigns} 0-1